[Event "ICCopen2017"]
[Site "Internet Chess Club"]
[Date "2017.03.26"]
[Round "7"]
[White "sanguine"]
[Black "knightspirit"]
[Result "0-1"]
[ICCResult "White resigns"]
[WhiteElo "1020"]
[BlackElo "1249"]
[Opening "Ruy Lopez: classical (Cordel) defense"]
[ECO "C64"]
[NIC "RL.01"]
[Time "20:18:32"]
[TimeControl "180+0"]

1. e4 e5 2. Nf3 Nc6 3. Bb5 Bc5 4. O-O d6 5. c3 a6 6. Bxc6+ bxc6 7. d4 exd4
8. Nxd4 Nf6 9. Nxc6 Qd7 10. Nd4 h6 11. Re1 O-O 12. Nf5 Bb7 13. Nxh6+ gxh6
14. Bxh6 Rfe8 15. Qf3 Qg4 16. g3 Qxf3 {White resigns} 0-1

[Event "ICCopen2017"]
[Site "Internet Chess Club"]
[Date "2017.03.26"]
[Round "7"]
[White "icewoman"]
[Black "bean5671"]
[Result "1-0"]
[ICCResult "Black checkmated"]
[WhiteElo "1093"]
[BlackElo "1281"]
[Opening "Queen's pawn"]
[ECO "A40"]
[NIC "QO.17"]
[Time "20:18:01"]
[TimeControl "180+0"]

1. d4 c6 2. Nf3 d5 3. e3 Bf5 4. Bd3 Bxd3 5. Qd2 e6 6. Qxd3 Nf6 7. Nbd2 Bd6
8. O-O Nbd7 9. Ne5 O-O 10. f4 Re8 11. c4 Rc8 12. b3 b6 13. Bb2 c5 14. Qe2 a5
15. a3 Qc7 16. Rf3 Re7 17. Rh3 Rce8 18. Ndf3 dxc4 19. bxc4 b5 20. Ng5 bxc4
21. Nxh7 cxd4 22. Nxf6+ Nxf6 23. Nf3 d3 24. Qf2 e5 25. Qh4 Rd7 26. Qh8#
{Black checkmated}
1-0

[Event "ICCopen2017"]
[Site "Internet Chess Club"]
[Date "2017.03.26"]
[Round "7"]
[White "wmanthony"]
[Black "BeerMeUpScotty"]
[Result "0-1"]
[ICCResult "White resigns"]
[WhiteElo "1340"]
[BlackElo "1569"]
[Opening "Queen's pawn: London system"]
[ECO "A45"]
[NIC "QP.07"]
[Time "20:18:31"]
[TimeControl "180+0"]

1. d4 Nf6 2. Bf4 e6 3. e3 d5 4. Nc3 c5 5. dxc5 Bxc5 6. Bb5+ Bd7 7. Bxd7+
Nbxd7 8. Qd2 O-O 9. O-O-O a6 10. Nf3 b5 11. a3 Qb6 12. h4 Rfc8 13. h5 Qc6
14. Ne5 Nxe5 15. Bxe5 Nd7 16. Bg3 Bxa3 {White resigns} 0-1

[Event "ICCopen2017"]
[Site "Internet Chess Club"]
[Date "2017.03.26"]
[Round "7"]
[White "chesscomet"]
[Black "Wage-slave"]
[Result "0-1"]
[ICCResult "White checkmated"]
[WhiteElo "1461"]
[BlackElo "1742"]
[Opening "Sicilian: Grand Prix attack"]
[ECO "B23"]
[NIC "SI.44"]
[Time "20:17:47"]
[TimeControl "180+0"]

1. e4 c5 2. Nc3 Nc6 3. f4 d6 4. Nf3 e6 5. Bb5 Qb6 6. d3 Ne7 7. O-O g6 8. Qe1
Bg7 9. Qh4 O-O 10. Ng5 h6 11. Nf3 Bxc3 12. Bxc6 Bg7 13. Ba4 c4+ 14. Kh1 cxd3
15. cxd3 Nc6 16. Bxc6 bxc6 17. f5 exf5 18. Bxh6 Qxb2 19. Bxg7 Kxg7 20. Ng5
Rh8 21. Qf4 Qe5 22. Qc1 Qxh2# {White checkmated} 0-1

[Event "ICCopen2017"]
[Site "Internet Chess Club"]
[Date "2017.03.26"]
[Round "7"]
[White "Ataraxia"]
[Black "Chamanx"]
[Result "1-0"]
[ICCResult "Black checkmated"]
[WhiteElo "1898"]
[BlackElo "1542"]
[Opening "Grünfeld: 5.e3"]
[ECO "D94"]
[NIC "GI.09"]
[Time "20:18:12"]
[TimeControl "180+0"]

1. d4 Nf6 2. c4 g6 3. Nf3 Bg7 4. Nc3 d5 5. e3 O-O 6. Be2 Nc6 7. O-O Bf5 8.
b3 Nb4 9. Bb2 Qd7 10. Rc1 dxc4 11. bxc4 Nc6 12. d5 Nd8 13. Ne5 Qe8 14. Nb5
Rc8 15. Nxa7 Ng4 16. Bxg4 Bxg4 17. Qxg4 Bxe5 18. Bxe5 f5 19. Qh4 Nf7 20. Bd4
e5 21. dxe6 Qxe6 22. Nxc8 Rxc8 23. Qf6 Qxf6 24. Bxf6 Re8 25. Rfd1 Ne5 26.
Bxe5 Rxe5 27. Rd7 Ra5 28. Rxc7 Rxa2 29. Rd1 Kf8 30. Rd8# {Black checkmated}
1-0

[Event "ICCopen2017"]
[Site "Internet Chess Club"]
[Date "2017.03.26"]
[Round "7"]
[White "BlueJ"]
[Black "Sc6"]
[Result "0-1"]
[ICCResult "White checkmated"]
[WhiteElo "1974"]
[BlackElo "1663"]
[Opening "King's Indian: Petrosian system, Stein variation"]
[ECO "E92"]
[NIC "KI.17"]
[Time "20:17:14"]
[TimeControl "180+0"]

1. c4 Nf6 2. Nc3 g6 3. e4 d6 4. d4 Bg7 5. Nf3 O-O 6. Be2 e5 7. d5 a5 8. Bg5
h6 9. Bh4 Nbd7 10. Nd2 g5 11. Bg3 Nc5 12. h4 g4 13. h5 Bd7 14. Qc2 c6 15.
Nf1 cxd5 16. cxd5 Rc8 17. Nd2 b5 18. Qb1 b4 19. Nd1 Qb6 20. Ne3 Bb5 21. Nec4
Bxc4 22. Nxc4 Qa6 23. Nxe5 dxe5 24. Bxa6 Nxa6 25. Bxe5 Rfe8 26. Bxf6 Bxf6
27. O-O g3 28. fxg3 Bd4+ 29. Kh2 Re5 30. Qd3 Rxh5# {White checkmated} 0-1

[Event "ICCopen2017"]
[Site "Internet Chess Club"]
[Date "2017.03.26"]
[Round "7"]
[White "kamalchandran"]
[Black "rotyi59"]
[Result "1-0"]
[ICCResult "Black resigns"]
[WhiteElo "1800"]
[BlackElo "1535"]
[Opening "Robatsch defense: two knights variation"]
[ECO "B06"]
[NIC "KF.05"]
[Time "20:18:14"]
[TimeControl "180+0"]

1. e4 g6 2. d4 Bg7 3. Nc3 d6 4. Nf3 Bg4 5. Be3 Nd7 6. h3 Bxf3 7. Qxf3 e5 8.
Bc4 Ngf6 9. O-O-O O-O 10. g4 a6 11. h4 b5 12. Bb3 b4 13. Nd5 Nxd5 14. Bxd5
Rb8 15. h5 g5 16. Qf5 h6 17. Bc6 Nb6 18. dxe5 Bxe5 19. f4 Bg7 20. fxg5 hxg5
21. Bxg5 f6 22. Bd5+ Kh8 23. h6 Nxd5 24. hxg7+ {Black resigns} 1-0

[Event "ICCopen2017"]
[Site "Internet Chess Club"]
[Date "2017.03.26"]
[Round "7"]
[White "KnightWalker"]
[Black "bythebook"]
[Result "0-1"]
[ICCResult "White checkmated"]
[WhiteElo "1346"]
[BlackElo "1587"]
[Opening "Caro-Kann: Tartakower (Nimzovich) variation"]
[ECO "B15"]
[NIC "CK.06"]
[Time "20:17:42"]
[TimeControl "180+0"]

1. e4 c6 2. d4 d5 3. Nd2 dxe4 4. Nxe4 Nf6 5. Nxf6+ exf6 6. h3 Bd6 7. Nf3 O-O
8. Bc4 Re8+ 9. Be3 Bf4 10. Qd2 Qe7 11. O-O Bxe3 12. fxe3 Qxe3+ 13. Qxe3 Rxe3
14. Rfe1 Rxe1+ 15. Rxe1 Kf8 16. Nd2 Bf5 17. c3 Nd7 18. Nb3 Re8 19. Rxe8+
Kxe8 20. Na5 b5 21. Be2 Be4 22. Bf3 Bxf3 23. gxf3 Nb8 24. Kf2 Kd7 25. Nb7
Na6 26. Na5 Nc7 27. Ke3 Nd5+ 28. Ke4 g6 29. h4 h6 30. Nb7 f5+ 31. Ke5 f6#
{White checkmated}
0-1

[Event "ICCopen2017"]
[Site "Internet Chess Club"]
[Date "2017.03.26"]
[Round "7"]
[White "Palse"]
[Black "iragefree"]
[Result "1-0"]
[ICCResult "Black resigns"]
[WhiteElo "2291"]
[BlackElo "1707"]
[Opening "Sicilian: Scheveningen, Keres attack"]
[ECO "B81"]
[NIC "SI.20"]
[Time "20:17:29"]
[TimeControl "180+0"]

1. e4 c5 2. Nf3 e6 3. d4 cxd4 4. Nxd4 Nf6 5. Nc3 d6 6. g4 h6 7. h4 Nc6 8.
Nxc6 bxc6 9. Rg1 h5 10. g5 Ng4 11. Be2 Qb6 12. Bxg4 hxg4 13. Qxg4 e5 14. Qg3
g6 15. b3 Be6 16. Bb2 Bg7 17. O-O-O a5 18. Na4 Qc7 19. Qd3 Rd8 20. Rh1 d5
21. Nc5 Bg4 22. f3 Be6 23. Nxe6 fxe6 24. exd5 exd5 25. Qxg6+ Qf7 26. Qxc6+
Kf8 27. f4 Qxf4+ 28. Kb1 Kg8 29. Rxd5 Rxd5 30. Qxd5+ Kh7 31. Qd3+ Kg8 32. g6
Rxh4 33. Qd8+ Bf8 34. Qxh4 {Black resigns} 1-0

[Event "ICCopen2017"]
[Site "Internet Chess Club"]
[Date "2017.03.26"]
[Round "7"]
[White "HighGround"]
[Black "snaillike"]
[Result "1-0"]
[ICCResult "Black checkmated"]
[WhiteElo "1362"]
[BlackElo "1170"]
[Opening "Scandinavian (center counter) defense"]
[ECO "B01"]
[NIC "VO.17"]
[Time "20:18:40"]
[TimeControl "180+0"]

1. e4 d5 2. e5 d4 3. Nf3 c5 4. Bc4 Nc6 5. d3 e6 6. a3 Be7 7. O-O Nh6 8. Nbd2
Nf5 9. Ne4 Qc7 10. Re1 f6 11. exf6 Bxf6 12. Nxc5 O-O 13. Bxe6+ Bxe6 14. Nxe6
Ne5 15. Nxc7 Nxf3+ 16. Qxf3 Rae8 17. Rxe8 Nh4 18. Qd5+ Kh8 19. Rxf8#
{Black checkmated}
1-0

[Event "ICCopen2017"]
[Site "Internet Chess Club"]
[Date "2017.03.26"]
[Round "7"]
[White "devotional"]
[Black "Alright2015"]
[Result "0-1"]
[ICCResult "White checkmated"]
[WhiteElo "2085"]
[BlackElo "2270"]
[Opening "Scandinavian (center counter) defense"]
[ECO "B01"]
[NIC "SD.01"]
[Time "20:18:27"]
[TimeControl "180+0"]

1. e4 d5 2. exd5 Qxd5 3. Nc3 Qa5 4. Bc4 c6 5. d4 Nf6 6. Nf3 Bf5 7. Ne5 e6 8.
g4 Bg6 9. h4 Nbd7 10. Nxd7 Nxd7 11. Qe2 Bb4 12. Bd2 h5 13. Bxe6 O-O-O 14.
Bxd7+ Rxd7 15. Qe3 Re7 16. O-O Rxe3 17. Bxe3 Bxc3 18. bxc3 hxg4 19. Kg2 Bxc2
20. Kg3 Qh5 21. Rh1 Be4 22. Rh2 Bf3 23. Re1 f6 24. d5 g5 25. Bd4 gxh4+ 26.
Kf4 Qg5# {White checkmated} 0-1

[Event "ICCopen2017"]
[Site "Internet Chess Club"]
[Date "2017.03.26"]
[Round "7"]
[White "herbyeddy"]
[Black "cloak1"]
[Result "0-1"]
[ICCResult "White resigns"]
[WhiteElo "1535"]
[BlackElo "1851"]
[Opening "Sicilian, Chekhover variation"]
[ECO "B53"]
[NIC "SI.02"]
[Time "20:18:39"]
[TimeControl "180+0"]

1. e4 c5 2. Nf3 d6 3. d4 cxd4 4. Qxd4 Nf6 5. e5 Nc6 6. Bb5 Nd7 7. Bxc6 bxc6
8. exd6 exd6 9. O-O Qf6 10. Re1+ Be7 11. Qe4 d5 12. Qe2 a5 13. Bg5 Ba6 14.
Qe3 Qe6 15. Qxe6 fxe6 16. Rxe6 Nf6 17. Nc3 Kd7 18. Rae1 Rhe8 19. Bxf6 Bxf6
20. Rxe8 Rxe8 21. Rxe8 Kxe8 22. Nd1 Be2 23. c3 Bxd1 {White resigns} 0-1

[Event "ICCopen2017"]
[Site "Internet Chess Club"]
[Date "2017.03.26"]
[Round "7"]
[White "shredded"]
[Black "king-lear"]
[Result "1-0"]
[ICCResult "Black resigns"]
[WhiteElo "2709"]
[BlackElo "1931"]
[Opening "Neo-Grünfeld, 6.O-O, main line"]
[ECO "D79"]
[NIC "QP.06"]
[Time "20:17:17"]
[TimeControl "180+0"]

1. d4 Nf6 2. Nf3 g6 3. g3 Bg7 4. Bg2 d5 5. O-O c6 6. c4 O-O 7. cxd5 cxd5 8.
Ne5 Ng4 9. Nf3 Nc6 10. Nc3 Bf5 11. Bf4 Rc8 12. e3 h6 13. h3 Nf6 14. g4 Be4
15. Nxe4 Nxe4 16. Nd2 Nxd2 17. Qxd2 e6 18. Rfc1 Qb6 19. Bf1 Rfe8 20. Bg3 Bf8
21. Rab1 Na5 22. b3 Ba3 23. Rc2 Nc6 24. b4 Bxb4 25. Qd3 Qa5 26. Qb3 b6 27.
Rxc6 Rxc6 28. Qxb4 Qxb4 29. Rxb4 Rc1 30. Kg2 Rec8 31. Bb5 Kg7 32. h4 R1c2
33. a4 Ra2 34. Rb1 Rcc2 35. g5 hxg5 36. hxg5 Rab2 37. Rh1 {Black resigns}
1-0

[Event "ICCopen2017"]
[Site "Internet Chess Club"]
[Date "2017.03.26"]
[Round "7"]
[White "eltigrecu"]
[Black "sasukenakamura"]
[Result "0-1"]
[ICCResult "White checkmated"]
[WhiteElo "1929"]
[BlackElo "1639"]
[Opening "Trompowsky attack (Ruth, Opocenský opening)"]
[ECO "A45"]
[NIC "QP.07"]
[Time "20:17:19"]
[TimeControl "180+0"]

1. d4 Nf6 2. Bg5 Ne4 3. Bf4 c5 4. f3 Nf6 5. d5 d6 6. c4 g6 7. Nc3 Bg7 8. e4
O-O 9. Bd3 Nbd7 10. Nge2 a6 11. Qd2 Rb8 12. Bh6 b5 13. Bxg7 Kxg7 14. cxb5
axb5 15. Bxb5 Ne5 16. f4 Ned7 17. h3 Nxe4 18. Nxe4 Rxb5 19. N2c3 Rb4 20. O-O
Ba6 21. Rfe1 Qb6 22. Rab1 Nf6 23. Nxf6 exf6 24. Kh1 Rd4 25. Qe3 Qb4 26. a3
Qb3 27. f5 Bd3 28. Rbd1 Bxf5 29. Rxd4 cxd4 30. Qxd4 Qxb2 31. Rf1 Rc8 32. Rf3
Qxa3 33. g4 Rxc3 34. Rxc3 Be4+ 35. Kh2 Qb2+ 36. Kg3 Qg2+ 37. Kh4 g5+ 38. Kh5
Bg6# {White checkmated} 0-1

[Event "ICCopen2017"]
[Site "Internet Chess Club"]
[Date "2017.03.26"]
[Round "7"]
[White "flashlight"]
[Black "lmenezes"]
[Result "1-0"]
[ICCResult "Black resigns"]
[WhiteElo "2019"]
[BlackElo "1626"]
[Opening "Levitsky attack (Queen's bishop attack)"]
[ECO "D00"]
[NIC "QP.08"]
[Time "20:19:36"]
[TimeControl "180+0"]

1. d4 d5 2. Bg5 Qd6 3. Nf3 c5 4. e3 Bg4 5. Be2 Nc6 6. c3 Nf6 7. Nbd2 e5 8.
dxe5 Nxe5 9. Bxf6 Nxf3+ 10. gxf3 Bh3 11. Bh4 Bg2 12. Bg3 Qb6 13. Rg1 Bh3 14.
Qb3 Qc6 15. Bb5 {Black resigns} 1-0

[Event "ICCopen2017"]
[Site "Internet Chess Club"]
[Date "2017.03.26"]
[Round "7"]
[White "catshow"]
[Black "playwaycool"]
[Result "0-1"]
[ICCResult "White resigns"]
[WhiteElo "1833"]
[BlackElo "2197"]
[Opening "English: Caro-Kann defensive system"]
[ECO "D13"]
[NIC "EO.64"]
[Time "20:18:14"]
[TimeControl "180+0"]

1. c4 c6 2. Nc3 d5 3. d4 Nf6 4. cxd5 cxd5 5. Nf3 h6 6. Bf4 a6 7. e3 Nc6 8.
Bd3 e6 9. O-O Be7 10. h3 O-O 11. Qc2 Bd7 12. Rad1 Rc8 13. Qe2 b5 14. Bb1 b4
15. Na4 Nxd4 16. exd4 Bxa4 17. b3 Bb5 18. Bd3 Qa5 19. Ne5 Ne4 20. Rc1 Bxd3
21. Qxd3 Nc3 22. Rce1 Qxa2 23. Qg3 Kh8 24. Qg4 Qc2 25. Qh5 Qf5 26. Qxf5 exf5
27. Ng6+ fxg6 28. Rxe7 Rfe8 29. Ra7 Ne2+ 30. Kh2 Nxf4 31. Rxa6 Ra8 32. Rd6
Ra3 33. Rc1 Rxb3 34. Rc7 Rg8 35. Rdd7 Rb2 36. Kg3 Ne2+ 37. Kf3 Nxd4+ 38. Ke3
Ne6 39. Ra7 Rb3+ 40. Kd2 Rb2+ 41. Kd3 Nc5+ 42. Kd4 Nxd7 43. Kxd5 Rxf2
{White resigns}
0-1

[Event "ICCopen2017"]
[Site "Internet Chess Club"]
[Date "2017.03.26"]
[Round "7"]
[White "TerryR"]
[Black "schiele"]
[Result "1-0"]
[ICCResult "Black resigns"]
[WhiteElo "2252"]
[BlackElo "1907"]
[Opening "King's Indian: Torre attack"]
[ECO "A48"]
[NIC "QP.01"]
[Time "20:17:47"]
[TimeControl "180+0"]

1. d4 Nf6 2. Nf3 g6 3. Bg5 Bg7 4. Nbd2 O-O 5. c3 d5 6. e3 Ne4 7. Nxe4 dxe4
8. Nd2 f5 9. h4 h6 10. Bf4 Be6 11. Bc4 Bxc4 12. Nxc4 Qd5 13. Qb3 b5 14. Ne5
Qxb3 15. axb3 Kh7 16. Ke2 c5 17. dxc5 Rc8 18. b4 a5 19. Rxa5 Rxa5 20. bxa5
Rxc5 21. Nxg6 Kxg6 22. h5+ Kf7 23. Bxb8 b4 24. a6 bxc3 25. b4 Rd5 26. Rd1 c2
27. Rc1 Rd3 28. a7 Ra3 29. Rxc2 Ke6 30. b5 f4 31. b6 fxe3 32. fxe3
{Black resigns}
1-0

[Event "ICCopen2017"]
[Site "Internet Chess Club"]
[Date "2017.03.26"]
[Round "7"]
[White "Realboy"]
[Black "Spirals"]
[Result "1-0"]
[ICCResult "Black resigns"]
[WhiteElo "2942"]
[BlackElo "2196"]
[Opening "Sicilian: Alapin's variation (2.c3)"]
[ECO "B22"]
[NIC "SI.46"]
[Time "20:18:53"]
[TimeControl "180+0"]

1. e4 c5 2. c3 e6 3. d4 cxd4 4. cxd4 d5 5. e5 Nc6 6. Nf3 Qb6 7. Be2 Bd7 8.
O-O Nge7 9. Nc3 Nf5 10. Be3 Be7 11. a3 Nxe3 12. fxe3 O-O 13. Bd3 f5 14. exf6
Bxf6 15. Qe1 Rae8 16. Qg3 Qxb2 17. Na4 Qb3 18. Nc5 Qc3 19. Rfc1 Qxc1+ 20.
Rxc1 Bc8 21. Bb5 Re7 22. Bxc6 bxc6 23. Qd6 Ref7 24. Nxe6 Re8 25. Qxc6 Rfe7
26. Nc7 Rd8 27. Nxd5 {Black resigns} 1-0

[Event "ICCopen2017"]
[Site "Internet Chess Club"]
[Date "2017.03.26"]
[Round "7"]
[White "SONICS71"]
[Black "olimpioMD"]
[Result "1-0"]
[ICCResult "Black checkmated"]
[WhiteElo "1758"]
[BlackElo "1341"]
[Opening "Sicilian: closed"]
[ECO "B25"]
[NIC "SI.45"]
[Time "20:18:36"]
[TimeControl "180+0"]

1. e4 c5 2. Nc3 d6 3. g3 g6 4. Bg2 Bg7 5. d3 Nc6 6. Nge2 a6 7. O-O b5 8. h3
b4 9. Nb1 Bb7 10. Nd2 a5 11. f4 a4 12. Nf3 a3 13. Rb1 Nf6 14. b3 Nh5 15. g4
Nf6 16. Ng3 h5 17. gxh5 Nxh5 18. Nxh5 Rxh5 19. Be3 Bc8 20. f5 Ne5 21. fxg6
Nxf3+ 22. Qxf3 Rxh3 23. Qxf7+ Kd7 24. Bxh3+ Kc7 25. Bxc8 Bf6 26. Be6 Qh8 27.
g7 Bxg7 28. Qxe7+ Kb6 29. Qxd6+ Ka7 30. Bxc5+ Kb7 31. Rf7# {Black
checkmated} 1-0

[Event "ICCopen2017"]
[Site "Internet Chess Club"]
[Date "2017.03.26"]
[Round "7"]
[White "nikenwidiartto"]
[Black "brittabeast"]
[Result "0-1"]
[ICCResult "White resigns"]
[WhiteElo "1821"]
[BlackElo "1515"]
[Opening "French: Two knights variation"]
[ECO "C00"]
[NIC "FR.01"]
[Time "20:17:57"]
[TimeControl "180+0"]

1. e4 e6 2. Nc3 d5 3. Nf3 dxe4 4. Nxe4 Nf6 5. Nxf6+ Qxf6 6. d4 h6 7. Bd3 Bd7
8. Ne5 Bd6 9. Nxd7 Nxd7 10. O-O O-O 11. c3 e5 12. Be3 exd4 13. Bxd4 Be5 14.
Bxe5 Nxe5 15. Bc2 Rad8 16. Qe2 Rfe8 17. Rfe1 Re7 18. Qb5 b6 19. Rad1 Rxd1
20. Rxd1 g6 21. h3 Kg7 22. a4 c6 23. Qe2 Nd7 24. Qa6 Nc5 25. Qc8 Re2
{White resigns}
0-1

[Event "ICCopen2017"]
[Site "Internet Chess Club"]
[Date "2017.03.26"]
[Round "7"]
[White "Shafkat"]
[Black "volver"]
[Result "1-0"]
[ICCResult "Black resigns"]
[WhiteElo "1636"]
[BlackElo "1434"]
[Opening "Ruy Lopez: modern Steinitz defense"]
[ECO "C71"]
[NIC "RL.10"]
[Time "20:17:24"]
[TimeControl "180+0"]

1. e4 e5 2. Nf3 Nc6 3. Bb5 a6 4. Ba4 d6 5. Qe2 Bd7 6. h3 g6 7. c3 Bg7 8. O-O
Nge7 9. d3 O-O 10. Be3 h6 11. Qd2 Kh7 12. Na3 Qe8 13. Nc2 f5 14. exf5 gxf5
15. Qe2 f4 16. Bd2 Bf6 17. Rfe1 Rg8 18. Kh1 Qg6 19. Rg1 Nf5 20. d4 e4 21.
Qxe4 Rae8 22. Qd3 Ng3+ 23. fxg3 Qxd3 24. Rad1 Bxh3 25. Bxf4 Bxg2+ 26. Kxg2
Qg6 27. Ne3 h5 28. Bc2 Qxc2+ 29. Nxc2 h4 30. Rh1 Rxg3+ 31. Bxg3 Rg8 32. Nxh4
Bxh4 33. Rxh4+ Kg7 34. Rg4+ Kf7 35. Rxg8 Kxg8 36. d5 Ne5 37. Bxe5 dxe5 38.
Re1 {Black resigns} 1-0

[Event "ICCopen2017"]
[Site "Internet Chess Club"]
[Date "2017.03.26"]
[Round "7"]
[White "jefferyx"]
[Black "SPARNALIQ"]
[Result "1/2-1/2"]
[ICCResult "Game drawn by repetition"]
[WhiteElo "2824"]
[BlackElo "3097"]
[Opening "Caro-Kann: classical variation"]
[ECO "B18"]
[NIC "CK.10"]
[Time "20:17:50"]
[TimeControl "180+0"]

1. e4 c6 2. d4 d5 3. Nd2 dxe4 4. Nxe4 Bf5 5. Ng3 Bg6 6. Nf3 e6 7. Bd3 Nf6 8.
O-O Nbd7 9. b3 Be7 10. Bb2 O-O 11. c4 Qc7 12. Bxg6 hxg6 13. Re1 Rad8 14. Qc2
Rfe8 15. Rad1 Bb4 16. Re2 Qa5 17. a3 Bd6 18. Ne5 Qc7 19. Rde1 a5 20. Ne4
Nxe4 21. Rxe4 Nxe5 22. dxe5 Be7 23. Rd1 Rxd1+ 24. Qxd1 Rd8 25. Rd4 Rxd4 26.
Qxd4 a4 27. bxa4 Qa5 28. Qd1 Bc5 29. g3 Qb6 30. Qc2 Bd4 31. Bxd4 Qxd4 32.
Qb3 b6 33. h4 Kh7 34. Qb4 Qd1+ 35. Kg2 Qd4 36. Kg1 Qd1+ 37. Kg2 Qd4 38. Kg1
{Game drawn by repetition}
1/2-1/2

[Event "ICCopen2017"]
[Site "Internet Chess Club"]
[Date "2017.03.26"]
[Round "7"]
[White "AnthonyRaelund"]
[Black "MAU"]
[Result "1-0"]
[ICCResult "Black checkmated"]
[WhiteElo "1464"]
[BlackElo "1654"]
[Opening "English: Caro-Kann defensive system"]
[ECO "A11"]
[NIC "RE.05"]
[Time "20:18:11"]
[TimeControl "180+0"]

1. c4 c6 2. g3 Nf6 3. Bg2 d5 4. Nf3 Bg4 5. O-O e6 6. b3 a6 7. Bb2 Nbd7 8. d4
Bd6 9. Nbd2 O-O 10. h3 Bh5 11. Ne5 Re8 12. g4 Bg6 13. Nxg6 hxg6 14. Nf3 Ne4
15. Ne5 Nef6 16. Qc2 Qc7 17. f4 dxc4 18. Qxc4 Nb6 19. Qd3 Nfd5 20. f5 Bxe5
21. dxe5 exf5 22. gxf5 g5 23. f6 g6 24. Qd2 Nf4 25. e3 Nxg2 26. Qxg2 Nd5 27.
Qxg5 Qb6 28. Bd4 Qc7 29. Rf3 Re6 30. Qh6 Nxf6 31. exf6 Rxf6 32. Bxf6 Qg3+
33. Rxg3 Re8 34. Qg7# {Black checkmated} 1-0

[Event "ICCopen2017"]
[Site "Internet Chess Club"]
[Date "2017.03.26"]
[Round "7"]
[White "RobbieWilliams"]
[Black "hectorlamadrid"]
[Result "0-1"]
[ICCResult "White resigns"]
[WhiteElo "1813"]
[BlackElo "1647"]
[Opening "Queen's pawn game"]
[ECO "D00"]
[NIC "QP.08"]
[Time "20:18:01"]
[TimeControl "180+0"]

1. d4 d5 2. e3 c5 3. c3 Nc6 4. Bd3 e5 5. Nd2 e4 6. Bc2 cxd4 7. exd4 Bd6 8.
Nf1 Nge7 9. Be3 O-O 10. h3 f5 11. Bg5 Qe8 12. Ne2 Qg6 13. Bxe7 Nxe7 14. Qd2
f4 15. O-O-O Qxg2 16. Rg1 Qxf2 17. Kb1 f3 18. Qg5 Ng6 19. Nc1 Bf4 20. Qxd5+
Kh8 21. Bxe4 Qxg1 22. Bxf3 Bf5+ 23. Ka1 Rad8 24. Qb3 Qf2 25. Bh5 Bc2 26.
Qxb7 Bxd1 27. Bxd1 Qxf1 {White resigns} 0-1

[Event "ICCopen2017"]
[Site "Internet Chess Club"]
[Date "2017.03.26"]
[Round "7"]
[White "ural"]
[Black "beaupre"]
[Result "1-0"]
[ICCResult "Black resigns"]
[WhiteElo "2350"]
[BlackElo "1835"]
[Opening "Sicilian defense"]
[ECO "B20"]
[NIC "SI.48"]
[Time "20:18:43"]
[TimeControl "180+0"]

1. e4 c5 2. b3 Nc6 3. Bb2 e5 4. f4 d6 5. Qf3 Nf6 6. Bb5 Bg4 7. Qe3 Be7 8. f5
O-O 9. Bxc6 bxc6 10. h3 Bh5 11. g4 Bxg4 12. hxg4 Nxg4 13. Qf3 Nf6 14. Nc3 d5
15. O-O-O d4 16. Na4 c4 17. Ne2 Rb8 18. Rh3 c5 19. Rdh1 cxb3 20. axb3 c4 21.
Rxh7 Nxh7 22. Qh5 f6 23. Qxh7+ Kf7 24. Qg6+ Kg8 25. Rh7 Rf7 26. Qh5
{Black resigns}
1-0

[Event "ICCopen2017"]
[Site "Internet Chess Club"]
[Date "2017.03.26"]
[Round "7"]
[White "Siryk"]
[Black "Mercury"]
[Result "1-0"]
[ICCResult "Black resigns"]
[WhiteElo "2905"]
[BlackElo "2188"]
[Opening "King's Indian: Sämisch, 5...O-O"]
[ECO "E81"]
[NIC "KI.54"]
[Time "20:17:28"]
[TimeControl "180+0"]

1. d4 Nf6 2. c4 g6 3. Nc3 Bg7 4. e4 d6 5. f3 O-O 6. Be3 c5 7. dxc5 dxc5 8.
Qxd8 Rxd8 9. Bxc5 Nc6 10. Nge2 b6 11. Ba3 Bb7 12. Rd1 Rxd1+ 13. Kxd1 Rc8 14.
b3 Nd7 15. Kc2 Nc5 16. g3 Na6 17. Bh3 Ncb4+ 18. Kb1 e6 19. Rd1 f5 20. Nb5
Kf8 21. Rd7 Rb8 22. Nc7 Bc6 23. Nxe6+ Ke8 24. Rxg7 {Black resigns} 1-0

[Event "ICCopen2017"]
[Site "Internet Chess Club"]
[Date "2017.03.26"]
[Round "7"]
[White "Athena2020"]
[Black "applepear"]
[Result "1-0"]
[ICCResult "Black forfeits on time"]
[WhiteElo "1083"]
[BlackElo "1060"]
[Opening "QGD Slav defense"]
[ECO "D10"]
[NIC "SL.01"]
[Time "20:17:13"]
[TimeControl "180+0"]

1. d4 d5 2. c4 c6 3. Nc3 Nf6 4. cxd5 cxd5 5. Qc2 Nbd7 6. Nf3 Qc7 7. Bg5 Ne4
8. Bh4 Nb6 9. Rc1 Bf5 10. e3 Rc8 11. Bd3 e6 12. O-O Bb4 13. Qb3 O-O 14. Qxb4
Nd7 15. h3 Ndf6 16. Nxe4 a5 17. Qb3 Qxc1 18. Rxc1 Rxc1+ 19. Kh2 dxe4 20. Bc2
exf3 21. gxf3 {Black forfeits on time} 1-0

[Event "ICCopen2017"]
[Site "Internet Chess Club"]
[Date "2017.03.26"]
[Round "7"]
[White "kaimann"]
[Black "ShiningArmor"]
[Result "1-0"]
[ICCResult "Black resigns"]
[WhiteElo "1949"]
[BlackElo "1532"]
[Opening "Benko's opening"]
[ECO "A00"]
[NIC "VO.09"]
[Time "20:20:08"]
[TimeControl "180+0"]

1. g3 d5 2. Bg2 e6 3. d3 c5 4. Nd2 Nc6 5. e4 d4 6. Ngf3 e5 7. Nc4 Bd7 8.
Ncxe5 Nxe5 9. Nxe5 Nf6 10. O-O Bd6 11. Nxd7 Qxd7 12. e5 Bxe5 13. Re1 Qd6 14.
f4 Nd7 15. fxe5 Qc7 16. e6 Nf6 17. Bf4 Qe7 18. exf7+ {Black resigns} 1-0

[Event "ICCopen2017"]
[Site "Internet Chess Club"]
[Date "2017.03.26"]
[Round "7"]
[White "BryanL"]
[Black "dynamo"]
[Result "1-0"]
[ICCResult "Black resigns"]
[WhiteElo "1990"]
[BlackElo "1737"]
[Opening "Sicilian: Smith-Morra gambit"]
[ECO "B21"]
[NIC "SI.48"]
[Time "20:17:53"]
[TimeControl "180+0"]

1. e4 c5 2. d4 cxd4 3. c3 dxc3 4. Nxc3 Nc6 5. Nf3 d6 6. Bc4 e6 7. O-O Nf6 8.
Qe2 a6 9. Rd1 Bd7 10. Bf4 Qb8 11. a4 Be7 12. e5 dxe5 13. Nxe5 Nxe5 14. Bxe5
Qa7 15. a5 Rc8 16. b3 Bc6 17. Bd4 Qb8 18. Be5 Qa7 19. Bd4 Bc5 20. Bxf6 gxf6
21. Rd2 Rg8 22. g3 b5 23. Bd3 Qc7 24. Ne4 Bxe4 25. Bxe4 Qe5 26. Rad1 f5 27.
Bc6+ Rxc6 28. Qxe5 Be7 29. Qb8+ {Black resigns} 1-0